 Dungeon Crawl Stone Soup version 0.31-a0-521-gc7390f8997 (webtiles) character file.

Game seed: 1388800296476065052

676 kae the Changeling (level 7, -2/52 HPs)
             Began as a White Draconian Shapeshifter on Aug 10, 2023.
             Was an Initiate of Qazlal.
             Slain by a gnoll
             ... wielding a +0 spear
             ... led by a gnoll sergeant
              (8 damage)
             ... on level 5 of the Dungeon.
             The game lasted 00:03:32 (3806 turns).

kae the Changeling (White Draconian Shapeshifter)   Turns: 3806, Time: 00:03:33

Health: -2/52      AC: -1    Str: 18    XL:     7   Next: 33%
Magic:  7/7        EV: 12    Int:  8    God:    Qazlal [......]
Gold:   175        SH:  0    Dex: 19    Spells: 6/6 levels left

rFire   + .          .
                       - Unarmed
rCold   + + .        (shield currently unavailable)
rNeg    . . .        (body armour unavailable)
rPois   +            (helmet restricted)
rElec   .            q - scarf {rC+ rF+}
rCorr   .            (no gloves)
SInv    .            p - +0 pair of boots
Will    .....        g - amulet of regeneration
Stlth   +            P - ring of poison resistance
HPRegen 1.08/turn    D - +6 ring of dexterity
MPRegen 0.10/turn

%: no passive effects
@: flux-form, corroded, glowing
A: glow, contaminating, breathe frost, AC +6, unfitting armour, cold resistance
1, cold-blooded
a: Breathe Frost, Begin Untransformation, Renounce Religion


You were on level 5 of the Dungeon.
You worshipped Qazlal.
Qazlal was noncommittal.
You were something dangerously unstable.
You visited 2 branches of the dungeon, and saw 6 of its levels.

You collected 198 gold pieces.
You spent 23 gold pieces at shops.


Innate Abilities, Weirdness & Mutations

You are something dangerously unstable.
You glow with magical radiation, making you easy to see and hit.
Foes you strike become dangerously contaminated with magical radiation.
You are incapable of wielding weapons or throwing items.
You can breathe waves of freezing cold which knock back foes.
Your icy white scales are hard. (AC +6)
You cannot fit into any form of body armour.
Your flesh is cold resistant. (rC+)
You are cold-blooded and may be slowed by cold attacks.


   Skills:
 - Level 1.1 Fighting
 - Level 1.7 Dodging
 + Level 5.5 Unarmed Combat
 * Level 6.2 Shapeshifting


You had 6 spell levels left.
You didn't know any spells.
Your spell library was empty.

Inventory:

Missiles
 d - 72 stones
 h - 7 poisoned darts
 i - 8 boomerangs
 j - 2 javelins
Armour
 p - a +0 pair of boots (worn)
   (You found it on level 1 of the Dungeon)
 q - a scarf of resistance (worn)
   (You found it on level 1 of the Dungeon)
Jewellery
 g - an amulet of regeneration (around neck)
   (You found it on level 4 of the Dungeon)
 A - an amulet of the acrobat
   (You found it on level 2 of the Dungeon)
 D - a +6 ring of dexterity (right hand)
   (You found it on level 4 of the Dungeon)
 P - a ring of poison resistance (left hand)
   (You found it on level 3 of the Dungeon)
Talismans
 b - a beast talisman
 c - a flux talisman (active)
Scrolls
 f - a scroll of teleportation {@r4}
 m - 2 scrolls of vulnerability {!r!r}
Potions
 a - 2 potions of lignification {!q}
 e - a potion of invisibility
 k - a potion of haste {unknown}
 l - 3 potions of degeneration {!q}
 n - a potion of berserk rage {!q}
 o - 2 potions of curing {@q1}

Dungeon Overview and Level Annotations

Branches:
Dungeon (5/15) Zot: 26211  Temple (1/1) D:4 Zot: 5989

Altars:
Dithmenos
Elyvilon
Gozag
Hepliaklqana
Makhleb
Qazlal
Ru
Sif Muna
Trog
Uskayaw
Wu Jian
Xom
Zin

Shops:
D:1

* #.#.# #######.#.#
######### ..?.......#
#........ ..........#
####.####### ..........#
#..........# ...)..h.gc#
#..........#
##############)#g#
#..........#
#........J.g.g.#†#
####'#######
#.##############B########.#
.................#......#.#
.........................>#
....##############......#.#
#.#g## #......#.# #.#.J#
#......#.# #.##.####
########.# #.##..)g### #.#
#.#####J..## #.#


You could see a centaur and 2 gnolls.


Message History

You start resting. 😕 HP[+33]
You regained 33 hp, and now have 44/52 hp.
Unknown command.
You now have 175 gold pieces (gained 15).
You open the door.
Found a stone staircase leading down. 😎 HP[+8]
Your hp is fully restored (52).
Unknown command.
A jelly comes into view.
There is an open door here.
A jelly is nearby!
A jelly is nearby!
A jelly is nearby!
The jelly quivers.
You hit the jelly but do no damage.
The jelly begins to glow.
Your hands burn!
You tail-slap the jelly, but do no damage.
You hit the jelly.
The jelly glows dangerously bright.
The acid corrodes you!
Your hands burn!
The jelly hits you. The acid corrodes you!
You are splashed with acid! 😮 HP[-13]
You take 13 damage, and now have 39/52 hp.
MASSIVE DAMAGE!! (PAUSE)
You hit the jelly but do no damage.
The jelly shudders as magic cascades through it!!
You kill the jelly!
Qazlal accepts your kill.
No target in view! 😕 HP[+1] No target in view!
No target in view! 😕 HP[+2]
You regained 2 hp, and now have 42/52 hp.
There is a stone staircase leading down here. 😕 HP[+1]
You start resting. 😕 HP[+1]
Okay, then.
Okay, then.
The black bear growls angrily.
You hear a shout! x3 😎 HP[+8]
Your hp is fully restored (52).
Unknown command.
A black bear is nearby!
A black bear is nearby!
A black bear is nearby!
The gnoll shouts!
You closely miss the black bear. The black bear bites you.
The black bear claws you. x2
You hit the black bear but do no damage.
The black bear begins to glow.
You tail-slap the black bear, but do no damage.
The black bear bites you. The black bear claws you. x2 😮 HP[-19]
You take 19 damage, and now have 33/52 hp.
MASSIVE DAMAGE!! (PAUSE)
You hit the black bear but do no damage.
The black bear glows dangerously bright.
You tail-slap the black bear, but do no damage.
The black bear misses you.
The black bear barely misses you. x2 😮 HP[+1] Unknown command.
You hit the black bear.
The black bear shudders as magic cascades through it!!
The black bear twists and deforms.
The gnoll hits you from afar with a +0 spear.
The black bear goes berserk! 😮 HP[-5]
You take 5 damage, and now have 29/52 hp.
You hit the black bear but do no damage.
The black bear begins to glow.
The black bear bites you!
* * * LOW HITPOINT WARNING * * *
The black bear barely misses you. The black bear claws you.
* * * LOW HITPOINT WARNING * * *
The gnoll hits you from afar with a +0 spear.
* * * LOW HITPOINT WARNING * * *
😨 HP[-15]
You take 15 damage, and now have 14/52 hp.
MASSIVE DAMAGE!! (PAUSE)
You hit the black bear.
The black bear glows dangerously bright.
The black bear barely misses you. The black bear claws you.
* * * LOW HITPOINT WARNING * * *
The black bear closely misses you.
The gnoll hits you from afar with a +0 spear.
* * * LOW HITPOINT WARNING * * *
The black bear barely misses you. The black bear claws you.
* * * LOW HITPOINT WARNING * * *
The black bear barely misses you.
Unknown command. 😱 HP[-9]
You take 9 damage, and now have 5/52 hp.
Unknown command.
You hit the black bear but do no damage.
The black bear shudders as magic cascades through it!
You kill the black bear!
Qazlal accepts your kill.
The gnoll hits you from afar with a +0 spear!
You die...

Skill      XL: |  1  2  3  4  5  6  7 |
---------------+----------------------+-----
Shapeshifting  | 4 5 6 |  6.2
Unarmed Combat | 4 5 |  5.5
Fighting       | |  1.1
Dodging        | |  1.7

Action                     |  1- 3 |  4- 6 |  7- 9 || total
---------------------------+-------+-------+-------++-------
  Melee: Unarmed           |   102 |   154 |    30 ||   286
         Tailslap          |     4 |    21 |     9 ||    34
         Punch             |     1 |     3 |       ||     4
Ability: Breathe Frost     |       |       |     2 ||     2
    Use: Scroll            |     1 |     4 |     3 ||     8
         Potion            |       |     2 |       ||     2
   Stab: Distracted        |     1 |       |       ||     1
 Armour: Skin              |    24 |    29 |    15 ||    68
  Dodge: Dodged            |    46 |    72 |    45 ||   163
   Form: Flux              |       |     1 |       ||     1

Levels and vault maps discovered:
D:1:      evilmike_arrival_hilbert_curve, layout_basic, serial_shops,
          nicolae_shop_rolling_square, amcnicky_mini_rare_corridor_liquid
D:2:      layout_rooms, nicolae_ecumenical_snake_handling
D:3:      cheibrodos_fertilizer, layout_loops_ring,
          mainiacjoe_overflow_concentric_impassable, zin_angel, uniq_natasha,
          uniq_terence
D:4:      layout_basic, minmay_temple_entry_sparse_star
D:5:      layout_basic
Temple:   minmay_freezing_vapour_temple

Notes
Turn   | Place    | Note
-------+----------+-------------------------------------------
     0 | D:1      | kae the Draconian Shapeshifter began the quest for the Orb.
     0 | D:1      | Reached XP level 1. HP: 16/16 MP: 1/1
     0 | D:1      | magus.rc [v1.11.3]
   165 | D:1      | Reached XP level 2. HP: 14/23 MP: 2/2
   233 | D:1      | Found Horil's Assorted Antiques.
   258 | D:1      | Bought an amethyst potion for 23 gold pieces
   849 | D:1      | Reached XP level 3. HP: 26/28 MP: 3/3
  1237 | D:2      | Found a faded altar of an unknown god.
  1582 | D:2      | Reached skill level 4 in Shapeshifting
  1582 | D:2      | Reached XP level 4. HP: 35/35 MP: 4/4
  1807 | D:3      | Noticed Natasha
  1817 | D:3      | Killed Natasha
  1818 | D:3      | Reached skill level 4 in Unarmed Combat
  2089 | D:3      | Identified the +10 sling "Cext" {flame, rN+ Will+ MP+9}
  2105 | D:3      | Noticed Natasha
  2117 | D:3      | Reached XP level 5. HP: 40/40 MP: 5/5
  2126 | D:3      | Killed Natasha
  2185 | D:3      | Noticed Natasha
  2191 | D:3      | Killed Natasha
  2242 | D:3      | Found a glowing silver altar of Zin.
  2243 | D:3      | Noticed an angel
  2277 | D:3      | Noticed Terence
  2288 | D:3      | Killed Terence
  2289 | D:3      | Reached skill level 5 in Shapeshifting
  2446 | D:3      | Reached XP level 6. HP: 16/47 MP: 6/6
  2622 | D:3      | Found a sacrificial altar of Ru.
  2839 | D:4      | Reached skill level 5 in Unarmed Combat
  2892 | D:4      | Found a staircase to the Ecumenical Temple.
  2901 | Temple   | Entered the Ecumenical Temple
  2906 | Temple   | Became a worshipper of Qazlal Stormbringer
  3506 | D:5      | Entered Level 5 of the Dungeon
  3536 | D:5      | Your scales start taking on an icy white colour.
  3536 | D:5      | Reached XP level 7. HP: 38/52 MP: 7/7
  3536 | D:5      | Gained mutation: Your flesh is cold resistant. (rC+) [White
                  | Draconian growth]
  3693 | D:5      | Reached skill level 6 in Shapeshifting
  3726 | D:5      | Identified the +8 short sword of Skirmishing {freeze, rF+}
  3729 | D:5      | HP: 10/52 [centaur (6)]
  3805 | D:5      | HP: 12/52 [black bear (3)]
  3805 | D:5      | HP: 5/52 [black bear (1)]
  3806 | D:5      | Slain by a gnoll

Vanquished Creatures
  A black bear (D:5)
  A gnoll sergeant (D:5)
  A scorpion (D:4)
  2 howler monkeys
  3 jellies
  Terence (D:3)
  3 iguanas
  Natasha (thrice) (D:3)
  2 orc wizards
  3 gnolls (D:5)
  3 adders
  5 worms
  2 dart slugs (D:4)
  7 orcs
  6 ball pythons
  17 endoplasms
  2 giant cockroaches
  6 goblins
  7 hobgoblins
  4 jackals (D:2)
  12 kobolds
  A quokka (D:3)
  4 bats
  5 frilled lizards
  6 rats
107 creatures vanquished.

Table legend:
 A = Non-vault XP
 B = Vault XP
 C = Vault XP percentage of total XP
 D = Non-vault monster count
 E = Vault monster count
 F = Vault count percentage of total count
                 A         B        C        D         E       F
            +---------+---------+-------+---------+---------+-------
      Total |     911 |     188 |  17.1 |      84 |      23 |  21.5
            +---------+---------+-------+---------+---------+-------
        D:1 |      41 |       0 |   0.0 |      26 |       0 |   0.0
        D:2 |      61 |       8 |  11.6 |      17 |       4 |  19.0
        D:3 |     175 |     180 |  50.7 |      17 |      19 |  52.8
        D:4 |     201 |       0 |   0.0 |      12 |       0 |   0.0
        D:5 |     433 |       0 |   0.0 |      12 |       0 |   0.0
            +---------+---------+-------+---------+---------+-------

Skill      XL: |  1  2  3  4  5  6  7 |
---------------+----------------------+-----
Shapeshifting  | 4 5 6 |  6.2
Unarmed Combat | 4 5 |  5.5
Fighting       | |  1.1
Dodging        | |  1.7

Action                     |  1- 3 |  4- 6 |  7- 9 || total
---------------------------+-------+-------+-------++-------
  Melee: Unarmed           |   102 |   154 |    30 ||   286
         Tailslap          |     4 |    21 |     9 ||    34
         Punch             |     1 |     3 |       ||     4
Ability: Breathe Frost     |       |       |     2 ||     2
    Use: Scroll            |     1 |     4 |     3 ||     8
         Potion            |       |     2 |       ||     2
   Stab: Distracted        |     1 |       |       ||     1
 Armour: Skin              |    24 |    29 |    15 ||    68
  Dodge: Dodged            |    46 |    72 |    45 ||   163
   Form: Flux              |       |     1 |       ||     1

Illustrated notes

Table legend:
 A = Kills in this place as a percentage of kills in the entire game.
 B = Kills by you in this place as a percentage of kills by you in the entire game.
 C = Kills by friends in this place as a percentage of kills by friends in the entire game.
 D = Other kills in this place as a percentage of other kills in the entire game.
 E = Experience gained in this place as a percentage of experience gained in the entire game.
 F = Experience gained in this place divided by the number of levels of this place that you have seen.
                   A       B       C       D       E      F
               +-------+-------+-------+-------+-------+----------------------
         Total | 100.0 | 100.0 |   N/A |   N/A | 100.0 | 183.2
       Dungeon | 100.0 | 100.0 |   N/A |   N/A | 100.0 | 219.8
               +-------+-------+-------+-------+-------+----------------------

Table legend: (Time is in decaauts)
 A = Elapsed time spent in this place.
 B = Non-inter-level travel time spent in this place.
 C = Inter-level travel time spent in this place.
 D = Time resting spent in this place.
 E = Time spent auto-exploring this place.
 F = Levels seen in this place.
 G = Mean time per level.
                   A        B        C        D        E       F      G
               +--------+--------+--------+--------+--------+-----+--------+
         Total |   3798 |   3522 |    276 |    194 |   2655 |   6 |  633.0 |
       Dungeon |   3787 |   3512 |    275 |    194 |   2655 |   5 |  757.4 |
        Temple |     10 |     10 |      0 |      0 |      0 |   1 |   10.0 |
               +--------+--------+--------+--------+--------+-----+--------+

Top non-repeatable levels by time:
     D:3: 1165 daAuts
     D:1: 1118 daAuts
     D:2: 651 daAuts
     D:4: 556 daAuts
     D:5: 295 daAuts
  Temple: 10 daAuts
